 Seeded DCSS version 0.29.1-1-gd02db6906a (webtiles) character file.

Game seed: 2387645567842811425 (custom seed)

2 lonewolfV2 the Chopper (level 1, 0/20 HPs)
             Began as a Minotaur Berserker on Oct 18, 2022.
             Was a Follower of Trog.
             Slain by an adder (3 damage)
             ... on level 2 of the Dungeon.
             The game lasted 00:00:56 (109 turns).

lonewolfV2 the Chopper (Minotaur Berserker)          Turns: 109, Time: 00:00:56

Health: 0/20       AC:  2    Str: 21    XL:     1   Next: 33%
Magic:  0/0        EV: 12    Int:  2    God:    Trog [*.....]
Gold:   14         SH:  0    Dex:  9    Spells: 0/0 levels left

rFire   + . .      SeeInvis +   c - +2 great mace of Quiescent True Grit {venom, rF+ Int-2 SInv}
rCold   . . .      Faith    .   (shield currently unavailable)
rNeg    . . .      Spirit   .   b - +0 animal skin
rPois   .          Reflect  .   (helmet restricted)
rElec   .          Harm     .   (no cloak)
rCorr   .          Rampage  .   (no gloves)
Will    .....                   (no boots)
Stlth   +.........              (no amulet)
HPRegen 0.06/turn               (no ring)
MPRegen 0.07/turn               (no ring)

@: lethally poisoned (0 -> -5)
A: horns 2, retaliatory headbutt
a: Renounce Religion, Berserk


You were on level 2 of the Dungeon.
You worshipped Trog.
Trog was aware of your devotion.
You visited 1 branch of the dungeon, and saw 2 of its levels.

You collected 14 gold pieces.

Inventory:

Hand Weapons
 a - a +0 hand axe
 c - the +2 great mace of Quiescent True Grit (weapon) {venom, rF+ Int-2 SInv}
   (You acquired it on level 1 of the Dungeon)

   It poisons the flesh of those it strikes.
   Int:       It affects your intelligence (-2).
   rF:        It protects you from fire.
   SInv:      It lets you see invisible.
Armour
 b - a +0 animal skin (worn)


   Skills:
 + Level 3.6 Fighting
 + Level 3.7 Axes
 + Level 2.5 Armour
 + Level 2.2 Dodging


You couldn't memorise any spells.
You didn't know any spells.
Your spell library was empty.

Dungeon Overview and Level Annotations

Branches:
Dungeon (2/15)

Altars:


Innate Abilities, Weirdness & Mutations

You have a pair of horns on your head.
You reflexively headbutt those who attack you in melee.


Message History

Trog accepts your kill.
A frilled lizard comes into view.
You see here a giant cockroach corpse.
The frilled lizard hisses angrily.
You hear a shout! x2
The kobold throws a stone.
The stone barely misses you.
You sock the frilled lizard!
You kill the frilled lizard!
Trog accepts your kill.
You see here a frilled lizard corpse.
The kobold throws a stone.
The stone barely misses you.
A gnoll comes into view. It is wielding a +1 spear of flaming.
The kobold throws a stone.
The stone misses you.
A gnoll comes into view. It is wielding a +0 spear.
There is a stone staircase leading up here.
You see here a giant cockroach corpse.
Found a stone staircase leading down.
Found a stone staircase leading up.
Found a mace.
Found 15 gold pieces.
An adder comes into view.
The adder hisses angrily.
You barely miss the adder. Your headbutt misses the adder.
The adder bites you but does no damage. The adder bites you.
You are poisoned.
The adder poisons you!
You barely miss the adder.
You feel very sick. The adder bites you.
You are more poisoned.
The adder poisons you! The adder barely misses you.
You hit the adder.
The adder is poisoned.
Your headbutt misses the adder.
The adder is moderately wounded.
You feel very sick. The adder bites you but does no damage.
The adder bites you.
* * * LOW HITPOINT WARNING * * *
You barely miss the adder.
The adder is moderately wounded.
* * * LOW HITPOINT WARNING * * *
You feel sick. The adder misses you. The adder bites you.
You die...

### ...### #...##
##...### #......##
####......######
#.##<..........#
##.........####.#######
#........).....@.......
#..###.........S..#####
##..###.########...#
...#....# ##..#
....##### ..# ....# ..#
.#### ..# ..# ##### ..#
.#.## #....#


You could see an adder (very poisoned).

Vanquished Creatures
  A giant cockroach (D:2)
  A ball python (D:2)
  A frilled lizard (D:2)
3 creatures vanquished.

Notes
Turn   | Place    | Note
-------+----------+-------------------------------------------
     0 | D:1      | lonewolfV2 the Minotaur Berserker began the quest for the
                  | Orb.
     0 | D:1      | Reached XP level 1. HP: 19/19 MP: 0/0
    54 | D:1      | Identified a scroll of acquirement
    54 | D:1      | Acquired the +2 great mace of Quiescent True Grit {venom,
                  | rF+ Int-2 SInv}
   109 | D:2      | Slain by an adder

Illustrated notes

Levels and vault maps discovered:
D:1:      lemuel_arrival_room, layout_basic, ebering_ecumenical_altar_box
D:2:      layout_loops_ring, serial_rivers, chequers_serial_rivers_micro_e,
          chequers_serial_rivers_micro_b, chequers_serial_rivers_small_3,
          chequers_serial_rivers_micro_c, chequers_serial_rivers_micro_d,
          basic_altar

Action                   || total
-------------------------++-------
Melee: Great mace        ||     8
       Headbutt          ||     1
  Use: Scroll            ||     1
Armor: Animal skin       ||     2
Dodge: Dodged            ||    11
